 Dungeon Crawl Stone Soup version 0.31-a0-496-g6f97920a28 (webtiles) character file.

Game seed: 9451704889457188612

1287 randomguy2701 the Tainter (level 8, -1/45 (47) HPs)
             Began as an Octopode Venom Mage on Aug 8, 2023.
             Slain by a water moccasin (4 damage)
             ... on level 5 of the Dungeon.
             The game lasted 00:15:29 (6920 turns).

randomguy2701 the Tainter (Octopode Venom Mage)     Turns: 6920, Time: 00:15:29

HP:   -1/45 (47)    AC:  1    Str:  8    XL:     8   Next: 55%
MP:   1/16          EV: 13    Int: 19    God:
Gold: 177           SH:  0    Dex: 12    Spells: 13/18 levels left

rFire   . . .        n - staff of death
rCold   + . .        (no shield)
rNeg    + . .        (helmet restricted)
rPois   .            (no amulet)
rElec   .            i - ring of protection from cold
rCorr   .            (no ring)
SInv    .            (no ring)
Will    .....        (no ring)
Stlth   +++          (no ring)
HPRegen 0.27/turn    (no ring)
MPRegen 0.15/turn    (no ring)
                     (no ring)

%: no passive effects
@: lightly drained
A: almost no armour, amphibious, 8 rings, camouflage 1, gelatinous body 1,
(nimble swimmer 1), tentacles
a: no special abilities


You were on level 5 of the Dungeon.
You visited 1 branch of the dungeon, and saw 6 of its levels.

You collected 177 gold pieces.

Inventory:

Hand Weapons
 m - the +6 dagger "randomguy2701's Regret" {venom, SInv}
   (You found it on level 5 of the Dungeon)

   SInv:      It lets you see invisible.
Magical Staves
 n - a staff of death (weapon)
Jewellery
 i - a ring of protection from cold (left tentacle)
Wands
 o - a wand of flame (22)
 q - a wand of polymorph (4)
Scrolls
 c - 2 scrolls of identify
 d - a scroll of torment {unknown}
 g - 2 scrolls of enchant armour {unknown}
 h - a scroll of teleportation {unknown}
 l - 2 scrolls of silence
 p - 2 scrolls of amnesia {unknown}
 r - a scroll of enchant weapon {unknown}
 s - a scroll of blinking {unknown}
Potions
 a - a potion of magic
 b - 2 potions of berserk rage {unknown}
 e - 2 potions of enlightenment {unknown}
 f - a potion of curing
 j - 3 potions of attraction
 k - 2 potions of invisibility {unknown}
 t - a potion of resistance {unknown}
 u - a potion of cancellation {unknown}


   Skills:
 + Level 0.7 Fighting
 + Level 0.1 Short Blades
 + Level 2.8 Dodging
 + Level 4.2 Stealth
 + Level 5.8 Spellcasting
 + Level 3.7 Transmutations
 * Level 8.3 Poison Magic


You had 13 spell levels left.
You knew the following spells:

 Your Spells              Type           Power      Damage    Failure   Level
a - Sting                 Tmut/Pois      100%       1d8       1%          1
b - Olgreb's Toxic Radia  Pois           37%        N/A       3%          4

Your spell library contained the following spells:

 Spells                   Type           Power      Damage    Failure   Level
 Poisonous Vapours        Pois/Air       42%        N/A       3%          2
 Cigotuvi's Dreadful Rot  Necr/Pois/Air  48%        N/A       5%          2
 Mephitic Cloud           Conj/Pois/Air  16%        N/A       11%         3
 Magic Dart               Conj           20%        1d4       12%         1
 Call Imp                 Summ           10%        N/A       17%         2
 Static Discharge         Conj/Air       10%        2-3/arc   17%         2
 Airstrike                Air            2%         2d(1-17)  75%         4
 Dispel Undead            Necr           8%         3d8       75%         4
 Summon Lightning Spire   Summ/Air       5%         N/A       75%         4
 Death Channel            Necr           4%         N/A       100%        6


Dungeon Overview and Level Annotations

Branches:
Dungeon (6/15)
 Temple: D:4-7

Altars:
Vehumet
Wu Jian

Annotations:
D:4 2 transporters, petzl's ghost, novice FoDe


Innate Abilities, Weirdness & Mutations

You cannot wear most types of armour.
You are amphibious.
You can wear up to eight rings at the same time.
Your skin changes colour to match your surroundings (Stealth+).
Your rubbery body absorbs attacks. (AC +1, EV +1)
((You are camouflaged when in or above water. (Stealth+)))
You have tentacles for arms and can constrict up to eight enemies at once.


Message History

Confirm with . or Enter, or press ? or * to list all spells.
Aiming: Sting (safe; 1% risk of failure)
Press: ? - help, Shift-Dir - straight line, f/p - water moccasin
Aim: a water moccasin (moderately wounded, very poisoned, 63% to hit)
The sting hits the water moccasin.
The water moccasin looks even sicker.
The water moccasin is moderately wounded.
The water moccasin bites you!
Casting: Sting (safe; 1% risk of failure)
Confirm with . or Enter, or press ? or * to list all spells.
Aiming: Sting (safe; 1% risk of failure)
Press: ? - help, Shift-Dir - straight line, f/p - water moccasin
Aim: a water moccasin (moderately wounded, very poisoned, 63% to hit)
The sting hits the water moccasin.
The water moccasin partially resists.
The water moccasin looks as sick as possible!
The water moccasin is moderately wounded.
The water moccasin bites you but does no damage.
The water moccasin bites you!
* * * LOW HITPOINT WARNING * * *
You feel better. The water moccasin bites you.
* * * LOW HITPOINT WARNING * * *
You are lethally poisoned!
The water moccasin poisons you!
You feel better. The water moccasin misses you. The water moccasin bites you.
You miss the water moccasin. Your grab misses the water moccasin.
The water moccasin is heavily wounded.
The water moccasin bites you!
* * * LOW HITPOINT WARNING * * *
You closely miss the water moccasin. Your grab misses the water moccasin.
Your squeeze misses the water moccasin.
The water moccasin is severely wounded.
The water moccasin bites you!
* * * LOW HITPOINT WARNING * * *
The water moccasin closely misses you.
You closely miss the water moccasin. Your grab misses the water moccasin.
The water moccasin is almost dead.
The water moccasin bites you.
* * * LOW HITPOINT WARNING * * *
The water moccasin bites you.
You die...

#............#....#.......#
#............'....#.......#
#..#######'###....'.......'
#..##...##...#....##+##..##
#...#........#....#..##..##
#...#........#....'..##'###
######...######[...#..#...#.
#....#...#.........#..#.....
#....#...'.@S......#..#.8.#.
#....#'###.........#..######
#..................#..#...#.
#.........#####....'..#._...
#.........#...#....#..#...#.
#.........#...#....#..######
#.........#...+....#...#..##
#....######...#....#...#....
#...<+...##...#....#...#....


You could see a water moccasin (very poisoned).

Vanquished Creatures
  Grinder (D:3)
  Sigmund (D:4)
  A black bear (D:4)
  2 ogres (D:5)
  A bullfrog (D:5)
  2 scorpions
  A hound (D:4)
  An orc priest (D:4)
  An iguana (D:4)
  Jessica (D:2)
  Ijyb (D:3)
  Natasha (thrice) (D:3)
  2 orc wizards
  Robin (D:2)
  8 adders
  A white imp (D:5)
  13 orcs
  10 ball pythons
  7 bats
  6 endoplasms
  5 giant cockroaches
  17 goblins
  10 hobgoblins
  2 jackals (D:4)
  6 kobolds
  3 quokkas (D:2)
  6 frilled lizards
  8 rats
121 creatures vanquished.

Notes
Turn   | Place    | Note
-------+----------+-------------------------------------------
     0 | D:1      | randomguy2701 the Octopode Venom Mage began the quest for
                  | the Orb.
     0 | D:1      | Reached XP level 1. HP: 11/11 MP: 3/3
    95 | D:1      | Reached skill level 4 in Poison Magic
   128 | D:1      | Reached XP level 2. HP: 17/17 MP: 1/5
   466 | D:1      | Reached XP level 3. HP: 7/21 MP: 0/6
  1335 | D:2      | Noticed Jessica
  1340 | D:2      | Killed Jessica
  1341 | D:2      | Reached XP level 4. HP: 27/27 MP: 3/8
  1510 | D:2      | Noticed Robin
  1817 | D:2      | Killed Robin
  1979 | D:2      | Reached XP level 5. HP: 26/31 MP: 2/9
  2256 | D:3      | You fall into a shaft and drop 2 floors!
  2256 | D:5      | Entered Level 5 of the Dungeon
  2383 | D:5      | Found a radiant altar of Vehumet.
  2500 | D:5      | Identified the +6 dagger "randomguy2701's Regret" {venom,
                  | SInv}
  2963 | D:4      | Reached skill level 5 in Poison Magic
  3289 | D:3      | Noticed Natasha
  3346 | D:3      | Killed Natasha
  3347 | D:3      | Reached XP level 6. HP: 23/36 MP: 6/11
  3458 | D:3      | Noticed Ijyb
  3504 | D:3      | Learned a level 4 spell: Olgreb's Toxic Radiance
  3533 | D:3      | Killed Ijyb
  3652 | D:3      | Noticed Grinder
  3755 | D:3      | Noticed Natasha
  3825 | D:3      | Killed Natasha
  3901 | D:3      | Noticed Natasha
  3905 | D:3      | Killed Natasha
  4051 | D:4      | Found a transporter.
  4052 | D:4      | Noticed petzl's ghost (novice FoDe)
  4457 | D:4      | Reached XP level 7. HP: 38/41 MP: 0/13
  4461 | D:4      | Noticed Sigmund
  4641 | D:3      | Paralysed by Grinder for 2 turns
  4669 | D:3      | Paralysed by Grinder for 5 turns
  4820 | D:5      | Found an ornate altar of the Wu Jian Council.
  5143 | D:5      | Reached skill level 6 in Poison Magic
  5670 | D:5      | Reached skill level 5 in Spellcasting
  5951 | D:5      | Reached skill level 7 in Poison Magic
  6208 | D:3      | Paralysed by Grinder for 3 turns
  6234 | D:3      | Killed Grinder
  6235 | D:3      | Reached XP level 8. HP: 39/47 MP: 2/16
  6368 | D:4      | Killed Sigmund
  6369 | D:4      | Reached skill level 8 in Poison Magic
  6765 | D:4      | Found a transporter.
  6920 | D:5      | Slain by a water moccasin

Illustrated notes

Levels and vault maps discovered:
D:1:      minmay_arrival_shoal_huts, layout_rooms
D:2:      minmay_wonky_spiral, layout_loops_ring, uniq_robin, uniq_jessica
D:3:      layout_rooms, minmay_stone_trees_large, minivault_26, uniq_ijyb,
          uniq_natasha, uniq_grinder
D:4:      layout_loops_corners, gammafunk_ghost_smash, uniq_sigmund
D:5:      layout_gridville, nicolae_wu_jian_immortal_techniques,
          mainiacjoe_overflow_concentric_impassable, nicolae_titane
D:6:      layout_cave_pools, kennysheep_little_box, old_standard_altar,
          old_standard_altar, minmay_temple_entry_statues_pillars, st_stairs_14,
          minmay_misc_feat_four_crosses, kennysheep_generic_room_13,
          uniq_eustachio

Skill      XL: |  1  2  3  4  5  6  7  8 |
---------------+-------------------------+-----
Poison Magic   | 4 5 7 8 |  8.3
Stealth        | 3 4 |  4.2
Spellcasting   | 3 4 5 |  5.8
Transmutations | 2 3 |  3.7
Fighting       | |  0.7
Short Blades   | |  0.1
Dodging        | |  2.8

Action                     |  1- 3 |  4- 6 |  7- 9 || total
---------------------------+-------+-------+-------++-------
  Melee: Unarmed           |    14 |     6 |       ||    20
         Constrict         |     4 |     3 |     1 ||     8
         Tentacles         |     4 |     1 |       ||     5
         Dagger            |       |     4 |       ||     4
         Staff             |       |     2 |     6 ||     8
   Cast: Sting             |    63 |   122 |    58 ||   243
         Olgreb's Toxic Ra |       |    10 |    22 ||    32
    Use: Scroll            |       |       |     3 ||     3
         Potion            |       |       |     3 ||     3
 Armour: Skin              |     4 |     3 |     3 ||    10
  Dodge: Dodged            |    37 |    47 |    31 ||   115

Table legend: (Time is in decaauts)
 A = Elapsed time spent in this place.
 B = Non-inter-level travel time spent in this place.
 C = Inter-level travel time spent in this place.
 D = Time resting spent in this place.
 E = Time spent auto-exploring this place.
 F = Levels seen in this place.
 G = Mean time per level.
                   A        B        C        D        E       F      G
               +--------+--------+--------+--------+--------+-----+--------+
         Total |   6922 |   6630 |    292 |    157 |   5152 |   6 | 1153.7 |
       Dungeon |   6922 |   6630 |    292 |    157 |   5152 |   6 | 1153.7 |
               +--------+--------+--------+--------+--------+-----+--------+

Top non-repeatable levels by time:
     D:4: 1659 daAuts
     D:5: 1617 daAuts
     D:3: 1479 daAuts
     D:2: 1324 daAuts
     D:1: 837 daAuts
     D:6: 4 daAuts
